 Dungeon Crawl Stone Soup version 0.30.1 (webtiles) character file.

Game seed: 15737362687752255158

433 Fodor the Covered (level 6, -2/56 HPs)
             Began as a Minotaur Fighter on July 3, 2023.
             Slain by an ogre
             ... wielding a +0 giant club
              (16 damage)
             ... on level 5 of the Dungeon.
             The game lasted 00:24:17 (4097 turns).

Fodor the Covered (Minotaur Fighter)                Turns: 4097, Time: 00:24:17

Health: -2/56      AC:  8    Str: 29    XL:     6   Next: 67%
Magic:  5/5        EV: 10    Int:  5    God:
Gold:   186        SH:  4    Dex:  9    Spells: 5/5 levels left

rFire   . . .        a - +0 long sword
rCold   . . .        c - +0 buckler
rNeg    . . .        b - +0 scale mail
rPois   .            (helmet restricted)
rElec   .            (no cloak)
rCorr   .            (no gloves)
SInv    .            j - +0 pair of boots {rampage}
Will    .....        (no amulet) Stlth
                     t - +4 ring of slaying
HPRegen 0.29/turn    v - +6 ring of strength
MPRegen 0.09/turn

%: rampage
@: no status effects
A: horns 2, retaliatory headbutt
a: no special abilities


You were on level 5 of the Dungeon.
You visited 1 branch of the dungeon, and saw 5 of its levels.

You collected 186 gold pieces.

Inventory:

Hand Weapons
 a - a +0 long sword (weapon)
Missiles
 h - 4 poisoned darts (quivered)
Armour
 b - a +0 scale mail (worn)
 c - a +0 buckler (worn)
 j - a +0 pair of boots of rampaging (worn)
 l - a +0 plate armour
Jewellery
 t - a +4 ring of slaying (left hand)
 v - a +6 ring of strength (right hand)
Wands
 p - a wand of flame (6)
Scrolls
 e - a scroll of butterflies {unknown}
 f - 2 scrolls of teleportation {unknown}
 g - a scroll of acquirement {unknown}
 i - 7 scrolls of identify {unknown}
 n - a scroll of silence {unknown}
 o - a scroll of enchant weapon {unknown}
 q - 2 scrolls of noise {unknown}
 r - a scroll of fear {unknown}
Potions
 d - 3 potions of might
 k - 3 potions of degeneration {unknown}
 m - 3 potions of flight {unknown}
 s - a potion of haste {unknown}
 u - a potion of resistance {unknown}


   Skills:
 + Level 5.1 Fighting
 + Level 5.2 Long Blades
 + Level 5.4 Armour
 + Level 2.1 Dodging
 + Level 0.4 Stealth
 + Level 4.7 Shields


You had 5 spell levels left.
You didn't know any spells.
Your spell library was empty.

Dungeon Overview and Level Annotations

Branches:
Dungeon (5/15)
 Temple: D:4-7

Altars:
Hepliaklqana


Innate Abilities, Weirdness & Mutations

You have a pair of horns on your head.
You reflexively headbutt those who attack you in melee.


Message History

You see here a +0 giant club.
Unknown command.
You hit the orc.
The orc is moderately wounded.
You block the orc's attack.
You hit the orc.
You kill the orc!
Things that are here:
a +0 flail; an orc corpse You see here a +0 giant club.
You now have 186 gold pieces (gained 5).
A quokka comes into view.
You slash the quokka!
You kill the quokka!
Found a robe.
You open the door.
There is an open door here.
An ogre comes into view. It is wielding a +0 giant club.
The ogre shouts!
You hear a shout! x2
You rampage towards the ogre!
An orc wizard comes into view. It is wielding a +0 dagger.
An orc comes into view. It is wielding a +0 flail.
The orc wizard shouts!
The orc shouts!
You rampage towards the ogre!
An orc comes into view. It is wielding a +0 club.
The ogre hits you with a +0 giant club!!
You hit the ogre. You headbutt the ogre!
The ogre is heavily wounded.
The orc wizard gestures wildly while chanting.
The orc wizard flickers and vanishes!
Deactivating autopickup; reactivate with Ctrl-A.
The ogre hits you with a +0 giant club!
* * * LOW HITPOINT WARNING * * *
You slash the ogre!
The ogre is severely wounded.
Unknown command.
You completely miss the ogre.
The ogre is severely wounded.
The ogre hits you with a +0 giant club!
You die...

####### ## #.....#
#. #.###.#######
#. #.#.........#
#. #.#.#.#####.#
#. ###...#.# #...#
## +..@###.# #.###
#. ###O# #.# #.#
#. #{###.###.# #.
#o#....##.#######(
#o#.#.....#.......
#.#.#.#####.######
#.#...............
#.###.####....####
#.####........


You could see an ogre and 2 orcs.

Vanquished Creatures
  An ogre (D:5)
  A scorpion (D:4)
  2 orc priests
  A hound (D:4)
  2 orc wizards
  4 adders
  2 worms (D:3)
  5 dart slugs
  10 orcs
  6 bats
  4 endoplasms
  2 giant cockroaches (D:4)
  8 goblins
  6 hobgoblins
  3 jackals (D:4)
  8 quokkas
  10 ball pythons
  4 frilled lizards (D:1)
  6 kobolds
  4 rats
89 creatures vanquished.

Notes
Turn   | Place    | Note
-------+----------+-------------------------------------------
     0 | D:1      | Fodor the Minotaur Fighter began the quest for the Orb.
     0 | D:1      | Reached XP level 1. HP: 19/19 MP: 0/0
   162 | D:1      | Reached XP level 2. HP: 26/27 MP: 1/1
  1139 | D:2      | Reached XP level 3. HP: 31/33 MP: 2/2
  2250 | D:3      | Found a faded altar of an unknown god.
  2258 | D:3      | Reached XP level 4. HP: 17/40 MP: 3/3
  2262 | D:3      | HP: 1/40 [orc/+0 short sword (3)]
  2471 | D:3      | Reached skill level 1 in Dodging
  2545 | D:3      | Reached XP level 5. HP: 45/47 MP: 4/4
  3116 | D:4      | Reached skill level 5 in Armour
  3178 | D:4      | Reached XP level 6. HP: 50/53 MP: 5/5
  3666 | D:4      | Found a hazy altar of Hepliaklqana.
  3771 | D:5      | Entered Level 5 of the Dungeon
  4009 | D:5      | Reached skill level 5 in Fighting
  4009 | D:5      | Reached skill level 5 in Long Blades
  4097 | D:5      | Slain by an ogre

Illustrated notes

Levels and vault maps discovered:
D:1:      erik_arrival_blinker_ship, layout_basic
D:2:      layout_loops_corners, minmay_pentomino_z2
D:3:      layout_rooms, hellmonk_ecumenical_altar_zigzags,
          kennysheep_cross_room, kennysheep_generic_room_13
D:4:      layout_loops_corners, kennysheep_mini_moat, serial_bayou,
          serial_bayou_lake_a, serial_bayou_pond_a, serial_bayou_pond_e,
          serial_bayou_ford_a
D:5:      layout_basic, minivault_5

Skill      XL: |  1  2  3  4  5  6 |
---------------+-------------------+-----
Armour         | 4 5 |  5.4
Fighting       | 4 5 |  5.1
Shields        | 4 |  4.7
Long Blades    | 3 4 5 |  5.2
Dodging        | 1 2 |  2.1
Stealth        | |  0.4

Action                     |  1- 3 |  4- 6 || total
---------------------------+-------+-------++-------
  Melee: Long sword        |    96 |    90 ||   186
         Headbutt          |    15 |    25 ||    40
  Throw: Dart              |       |     2 ||     2
    Use: Potion            |       |     3 ||     3
 Armour: Scale mail        |    64 |    38 ||   102
  Dodge: Dodged            |    54 |    49 ||   103
  Block: Buckler           |    31 |    23 ||    54
